[Event "Early-Titled-Tuesday-Blitz-March-19-2024"]
[Site "Chess.com"]
[Date "2024.03.19"]
[Round "9"]
[White "malakismayil"]
[Black "GodzillaChessYoutube"]
[Result "0-1"]
[WhiteElo "2537"]
[BlackElo "2675"]
[TimeControl "180+1"]
[EndTime "9:45:58 PDT"]
[Termination "GodzillaChessYoutube won on time"]

1. e4 c5 2. Nf3 e6 3. c3 Nf6 4. e5 Nd5 5. g3 d6 6. exd6 Bxd6 7.
Bg2 Nc6 8. O-O O-O 9. d4 h6 10. Nbd2 cxd4 11. cxd4 b6 12. Ne4 Ba6 13. Re1 Bb4 14. Bd2 Rc8 15. a3 Be7 16. Rc1 Nb8 17. Ne5 Bb7 18. Rxc8 Qxc8 19. Qh5 Nf6 20. Nxf6+ Bxf6 21. Ng4 Bxd4 22. Bxh6 Bxg2 23. Kxg2 f5 24. Ne5 Rf6 25.
Bg5 Bxe5 26. Rxe5 Qc6+ 27. Kg1 Rf8 28. Qg6 Re8 29. Bf6 Qc1+ 30. Kg2 Qc6+ 31. Kh3 Qd7 32.
Bxg7 Qf7 33. Qh6 Qxg7 34. Qf4 Nd7 35. Re2 Qh7+ 36. Kg2 e5 37. Qc4+ Qf7 38. Qb5 Nc5 39. b4 Qd7 40. Qc4+ Qe6 41. Qc3 Nd7 42. Qf3 Nf6 43. Qe3 Qd5+ 44. Kg1 Ne4 45. f3 Nd6 46. Qg5+ Kf8 47. Qh6+ Ke7 48. Qg7+ Nf7 49. Kf2 Qd4+ 50.
Kg2 Rd8 51. Qg6 Qd3 52. Rf2 Rd6 53. Qg8 e4 54. Qa8 e3 0-1

[Event "Early-Titled-Tuesday-Blitz-March-19-2024"]
[Site "Chess.com"]
[Date "2024.03.19"]
[Round "9"]
[White "esrosenberg"]
[Black "Aswathchess"]
[Result "0-1"]
[WhiteElo "2465"]
[BlackElo "2623"]
[TimeControl "180+1"]
[EndTime "9:46:00 PDT"]
[Termination "Aswathchess won on time"]

1. d4 Nf6 2. Nf3 c5 3. d5 e6 4. Nc3 d6 5. e4 g6 6. Bb5+ Bd7 7. a4 exd5 8. exd5 Bg7 9. O-O O-O 10. h3 a6 11. Be2 Re8 12. Nd2 Bf5 13. Nc4 Ne4 14.
Nxe4 Bxe4 15. Bf4 Bf8 16. a5 Qf6 17. Bg3 Nd7 18. c3 h5 19. Bf3 h4 20. Bh2 Bxf3 21.
Qxf3 Qxf3 22. gxf3 Nf6 23. Nxd6 Bxd6 24. Bxd6 c4 25. Rad1 Rad8 26. Bc7 Rxd5 27. f4 Rb5 28. Be5 Nd5 29. Rd4 f6 30. Bd6 Re6 31. Bb8 Rxa5 32. Rxc4 Rb5 33. Rc8+ Kf7 34. c4 Ne7 35. cxb5 Nxc8 36.
Rc1 Ne7 37. bxa6 Rxa6 38. b4 Rb6 39. Rc4 Nd5 40. f5 Rxb4 41. fxg6+ Kxg6 42. Rc5 Rd4 43. Kf1 Kf5 44. Ke2 Ke4 45. Rc8 Nf4+ 46. Ke1 Kf3 47. Bxf4 Rxf4 48. Rc3+ Kg2 49. Rb3 Rf3 50. Rxb7 Rxh3 51. Rg7+ Kh2 52. Kf1 Rb3 53. Ke2 h3 54. f4 Rg3 55. Rh7 Kg2 0-1

[Event "Early-Titled-Tuesday-Blitz-March-19-2024"]
[Site "Chess.com"]
[Date "2024.03.19"]
[Round "9"]
[White "NowInChess"]
[Black "Al_Shima"]
[Result "1-0"]
[WhiteElo "2281"]
[BlackElo "2445"]
[TimeControl "180+1"]
[EndTime "9:46:02 PDT"]
[Termination "NowInChess won by checkmate"]

1. e4 c6 2. d4 d5 3. exd5 cxd5 4. c4 Nc6 5. Nc3 Nf6 6. Bf4 e6 7. c5 Be7 8. Nf3 O-O 9. Bb5 Ne4 10. O-O Bd7 11. Re1 Nxc3 12. bxc3 Bf6 13. Bxc6 Bxc6 14. Ne5 Bxe5 15. Bxe5 f6 16. Bd6 Re8 17. Re3 Qd7 18. Qg4 Qf7 19. Rae1 Bd7 20. Qh4 b6 21. f4 bxc5 22.
Bxc5 Rab8 23. Bxa7 Ra8 24. Bc5 Rxa2 25. Rh3 h6 26.
Rg3 Kh7 27. Rge3 Rb8 28. R3e2 Rbb2 29. Rxb2 Rxb2 30. Qg3 Qh5 31. h3 Qf5 32. Kh2 Qc2 33.
Ra1 Rb7 34. Bb4 Be8 35. Ra8 Bg6 36. h4 h5 37. Ra1 Be4 38. Ra8 Qe2 39. Ra1 Rc7 40.
Re1 Qc4 41. Qf2 Bf5 42. Qg3 Bg4 43. Ra1 Rb7 44. Qe3 Rc7 45. Rc1 Ra7 46. Re1 Ra2 47.
Rg1 Bf5 48. Qg3 Be4 49. Bf8 g6 50. Be7 Kg7 51. Bxf6+ Kxf6 52. Qg5+ Kf7 53. Qh6 Qe2 54. Qh7+ Kf6 55. Qh8+ Ke7 56. Qg7+ Kd6 57. Qf8+ Kc6 58. Qe8+ Kb6 59. Qb8+ Ka5 60. Qa7+ Kb5 61. Qc5+ Ka4 62. Qb4# 1-0

[Event "Early-Titled-Tuesday-Blitz-March-19-2024"]
[Site "Chess.com"]
[Date "2024.03.19"]
[Round "9"]
[White "CarlosjPineror"]
[Black "Kazmin_Semyon"]
[Result "0-1"]
[WhiteElo "2691"]
[BlackElo "2568"]
[TimeControl "180+1"]
[EndTime "9:46:03 PDT"]
[Termination "Kazmin_Semyon won by resignation"]

1. e4 e6 2. d4 d5 3. e5 c5 4. c3 Nc6 5. Nf3 Bd7 6. a3 c4 7. Nbd2 Na5 8. g3 Qb6 9. Bg2 Ne7 10. O-O h6 11. h4 O-O-O 12. h5 Nec6 13. Nh2 Be7 14.
Kh1 f5 15. exf6 gxf6 16. f4 Rhg8 17. Qe1 f5 18. Ndf3 Nb3 19. Rb1 Rg7 20. Be3 Rdg8 21. Bf2 Qd8 22. Nd2 Nca5 23. Nxb3 Nxb3 24. Qe2 Qe8 25. Bf3 Qf7 26. Rg1 Bd6 27. Rbe1 Kb8 28.
Nf1 Rg4 29. Nh2 Qxh5 30. Bxg4 fxg4 31. Rg2 Qf5 32. Kg1 h5 33. Be3 Rg6 34. Nf1 Rf6 35. Nd2 Na5 36. Bf2 Be8 37. Nf1 Bg6 38. Ne3 Qe4 39.
Rh2 Nb3 40. Nf1 Qf5 41. Ne3 Qe4 42. Ng2 Qxe2 43. Rxe2 Nc1 44. Rd2 Nd3 45. Be3 Be7 46. Nh4 Be4 47. Ng2 b6 48. Rxh5 b5 49. Nh4 a5 50.
Rh8+ Kc7 51. Rg8 b4 52. axb4 axb4 53. Rxg4 b3 54. Rg7 Kd8 55. f5 exf5 56. Bg5 Re6 57. Bxe7+ Rxe7 58. Rxe7 Kxe7 59. Ng2 Bxg2 60. Kxg2 Kf6 61.
Kf3 Kg5 62. Rh2 Ne1+ 63. Ke3 Kg4 64. Rh4+ Kxg3 65. Rf4 Ng2+ 0-1

[Event "Early-Titled-Tuesday-Blitz-March-19-2024"]
[Site "Chess.com"]
[Date "2024.03.19"]
[Round "9"]
[White "TigrVShlyape"]
[Black "Rodalquilar"]
[Result "1-0"]
[WhiteElo "2913"]
[BlackElo "2791"]
[TimeControl "180+1"]
[EndTime "9:46:04 PDT"]
[Termination "TigrVShlyape won by checkmate"]

1. d4 d5 2. Bf4 Nf6 3. e3 Bf5 4. c4 e6 5. Nc3 Bb4 6. Ne2 dxc4 7. a3 Bd6 8. Qa4+ Nc6 9. Qxc4 O-O 10. Bg5 Be7 11. Ng3 Bg6 12. Be2 e5 13. d5 Nxd5 14. Nxd5 Bxg5 15. h4 Na5 16. Qc3 Qxd5 17. hxg5 Nc6 18.
f3 Qd8 19. f4 exf4 20. exf4 Nd4 21. Rd1 c5 22. Qxc5 Nc2+ 23. Kf2 Rc8 24. Rxd8 Rxc5 25. Rxf8+ Kxf8 26. b4 Rc3 27. f5 Rxa3 28. fxg6 hxg6 29.
b5 Nd4 30. Rd1 Ra4 31. Bd3 Rb4 32. Ra1 Nxb5 33. Bxb5 Rxb5 34. Rxa7 Rxg5 35. Rxb7 Re5 36. Kf3 f6 37. Ne4 Kg8 38. Kf4 Rf5+ 39. Ke3 Ra5 40. Nd6 Rd5 41. Ne4 Ra5 42. Rc7 Ra3+ 43. Kf2 Ra2+ 44. Kg1 Ra4 45. Nc5 Ra1+ 46. Kh2 Re1 47. Rc6 g5 48. Ne6 Kf7 49. Nd4 Re4 50. Nf5 Rf4 51.
Rc7+ Kg6 52. Nxg7 Re4 53. Kh3 Re3+ 54. g3 Re1 55. g4 Re3+ 56. Kg2 Re4 57. Kf3 Rf4+ 58.
Kg3 Ra4 59. Nf5 Ra3+ 60. Kf2 Ra2+ 61. Ke1 Ra3 62. Rg7# 1-0

[Event "Early-Titled-Tuesday-Blitz-March-19-2024"]
[Site "Chess.com"]
[Date "2024.03.19"]
[Round "9"]
[White "MatyChess1"]
[Black "ikhasu"]
[Result "0-1"]
[WhiteElo "2634"]
[BlackElo "2509"]
[TimeControl "180+1"]
[EndTime "9:46:04 PDT"]
[Termination "ikhasu won on time"]

1. d4 Nf6 2. Bf4 b6 3. f3 d5 4. Nc3 Bb7 5. Nb5 Na6 6. e3 c6 7. Nc3 Nc7 8. Bd3 g6 9. Nge2 Bg7 10. O-O O-O 11. a4 Nh5 12. Bg5 Qd7 13. a5 e5 14.
Na4 Ne6 15. Bh4 exd4 16. exd4 Nxd4 17. axb6 Nxe2+ 18. Bxe2 Nf4 19. Nc5 Nxe2+ 20. Qxe2 Bd4+ 21. Bf2 Bxc5 22. Bxc5 Rfe8 23. Qd2 axb6 24. Bxb6 Ba6 25. Rf2 Bb5 26. Rb1 Re6 27. Bd4 Rae8 28. Bc3 c5 29.
Qg5 d4 30. Bd2 Qc6 31. h4 Re5 32. Qf4 Rf5 33. Qg3 c4 34. Kh2 Qc5 35. Ra1 d3 36.
cxd3 cxd3 37. Bc3 h5 38. Rd2 Rd5 39. Ra5 Qc6 40. Qf4 Qe6 41. Rxb5 Rxb5 42. Qd4 f6 43. Qxd3 Rf5 44. Qc2 Qe7 45. Qb3+ Qf7 46. Qb6 Qe7 47. Qc6 Qe6 48. Qc7 Qe7 49. Qc6 Qe6 50. Qc7 Qe7 51. Qc4+ Qf7 52. Qa4 Qc7+ 53. g3 Qe7 54. Rg2 Rd5 55.
Qc4 Qf7 56. Rf2 Rd7 57. Qc6 Red8 58. Qxf6 Qxf6 59. Bxf6 Re8 60. Bc3 Rd3 61. Kg2 Ree3 0-1

[Event "Early-Titled-Tuesday-Blitz-March-19-2024"]
[Site "Chess.com"]
[Date "2024.03.19"]
[Round "9"]
[White "Chessbard1972"]
[Black "sorch29"]
[Result "0-1"]
[WhiteElo "2322"]
[BlackElo "2493"]
[TimeControl "180+1"]
[EndTime "9:46:04 PDT"]
[Termination "sorch29 won on time"]

1. d4 Nf6 2. c4 g6 3. Nf3 d6 4. g3 Bg7 5. Bg2 O-O 6. Nc3 c6 7. O-O Bf5 8. Ne1 e5 9. e4 Bg4 10. f3 exd4 11. Qxd4 Be6 12. Qd3 Na6 13. b3 Nc5 14. Qc2 a5 15. Bb2 Qb6 16. Kh1 a4 17. Nxa4 Nxa4 18. bxa4 Bxc4 19. Qxc4 Qxb2 20. Nd3 Qa3 21.
Qb3 Rxa4 22. Rad1 Qxb3 23. axb3 Ra2 24. Rf2 Rfa8 25. Rxa2 Rxa2 26. f4 Nd7 27. h3 Kf8 28. Nb4 Rb2 29. Rxd6 Ke7 30. Rd3 Nc5 31. Rf3 Rxb3 32.
Nc2 Rxf3 33. Bxf3 Bc3 34. Kg2 Ne6 35. Kf2 b5 36. Ke3 c5 37. Kd3 Bd4 38. f5 c4+ 39.
Kd2 Be5 40. fxe6 Kxe6 41. g4 Kd6 42. Ne3 Kc5 43. Nd5 b4 44. Ke3 b3 45. Bd1 Kb5 46.
Nf4 Kb4 47. Ne2 c3 48. Kd3 c2 49. Bxc2 bxc2 50. Kxc2 Kc4 51. Kd2 Kc5 52. Ke3 Kc4 53.
Ng1 f6 54. Nf3 Kc5 55. Nxe5 fxe5 56. h4 h6 57. Kd3 Kb4 58. g5 h5 59. Kd2 Kc4 0-1

[Event "Early-Titled-Tuesday-Blitz-March-19-2024"]
[Site "Chess.com"]
[Date "2024.03.19"]
[Round "9"]
[White "suyu28"]
[Black "RoelandPruijssers"]
[Result "1-0"]
[WhiteElo "2855"]
[BlackElo "2721"]
[TimeControl "180+1"]
[EndTime "9:46:06 PDT"]
[Termination "suyu28 won by resignation"]

1. d4 Nf6 2. c4 g6 3. g3 Bg7 4. Bg2 O-O 5. Nc3 d6 6. Nf3 Nc6 7. O-O e5 8. dxe5 dxe5 9. Bg5 Be6 10. Qc1 Qc8 11. Rd1 Re8 12. Nd5 Nd7 13. Bh6 a5 14. h4 Bh8 15. Ng5 Nd4 16. Re1 c6 17.
Nxe6 Rxe6 18. Nc3 Nc5 19. Ne4 Nxe4 20. Bxe4 Qc7 21. Bd2 Rd8 22. e3 Nf5 23. Bxf5 gxf5 24. Bc3 b6 25. Qc2 e4 26. Bxh8 Kxh8 27. Rad1 Kg8 28. c5 b5 29. Rxd8+ Qxd8 30. Rd1 Qf6 31. Rd4 a4 32. Qd2 Kg7 33. Kg2 Re5 34. Rd6 Re6 35.
b4 axb3 36. axb3 Qe5 37. b4 Kf6 38. Rd7 Kg7 39. Rd6 Kf6 40. Rd8 Kg7 41. Rd4 Re7 42. Qa2 Re6 43. Qa8 Qf6 44. Rd8 Kh6 45. Rg8 Qe7 46.
Qb8 Rg6 47. Qf4+ Kh5 48. Qxf5+ Kh6 49. Qf4+ Kh5 50. Rxg6 hxg6 51. Kh3 f5 52. Qd6 Qe8 53. Qf6 Kh6 54. h5 Kh7 55. hxg6+ Qxg6 56. Qxg6+ Kxg6 57. g4 Kg5 58. gxf5 Kxf5 59. Kh4 Ke5 60. Kg4 Kd5 61. f4 Kc4 62. f5 Kxb4 63. f6 1-0

[Event "Early-Titled-Tuesday-Blitz-March-19-2024"]
[Site "Chess.com"]
[Date "2024.03.19"]
[Round "9"]
[White "yonaltimur"]
[Black "Statham_01"]
[Result "1/2-1/2"]
[WhiteElo "2381"]
[BlackElo "2583"]
[TimeControl "180+1"]
[EndTime "9:46:07 PDT"]
[Termination "Game drawn - insufficient material"]

1. e4 e5 2. Nf3 Nf6 3. Nxe5 Nc6 4.
Nxc6 dxc6 5. d3 Bc5 6. Be2 h5 7. h3 Qd4 8. O-O Qe5 9. Be3 Ng4 10.
Bxg4 Bxe3 11. fxe3 hxg4 12. hxg4 Qh2+ 13. Kf2 Qh4+ 14.
Kg1 Bxg4 15. Qe1 Qh2+ 16. Kf2 O-O-O 17. Nd2 Rd6 18. e5 Qxe5 19. Ne4 Rg6 20. Qc3 Qe7 21.
Rh1 Re8 22. Qc5 Rf6+ 23. Kg3 Qxc5 24. Nxc5 Rg6 25. Kf2 b6 26. Ne4 f5 27. Nd2 f4 28.
Ne4 fxe3+ 29. Kxe3 Bf5 30. Rh4 Rxg2 31. Rc1 g5 32.
Rh5 Bxe4 33. dxe4 Rg4 34. Kd3 Kb7 35. Re1 c5 36. b3 a5 37. e5 Rd4+ 38. Kc3 g4 39.
Rg5 Re6 40. Rf1 b5 41. Rf6 b4+ 42. Kb2 Re7 43. e6 Kb6 44. Rgg6 Re4 45. Rg5 a4 46. bxa4 c4 47. c3 Re2+ 48. Kc1 Rh7 49. Rf1 b3 50.
axb3 cxb3 51. Rb5+ Kc6 52. Rxb3 Rxe6 53. Rg1 Re4 54.
Rb4 Re3 55. Rgxg4 Rh2 56. Rg1 Rxc3+ 57. Kb1 Rcc2 58. Rc1 Rxc1+ 59. Kxc1 Kc5 60. Rb5+ Kc6 61. Rb4 Ra2 62. Kb1 Rh2 63. Rb2 Rh4 64. Ra2 Kb6 65.
a5+ Ka6 66. Rc2 Rb4+ 67. Ka2 Rb7 68. Rc5 Ka7 69. Ka3 Kb8 70. Ka4 Ka7 71. Rb5 c6 72. Rxb7+ Kxb7 73. Kb4 Ka6 74. Kc5 Kxa5 75. Kxc6 1/2-1/2

[Event "Early-Titled-Tuesday-Blitz-March-19-2024"]
[Site "Chess.com"]
[Date "2024.03.19"]
[Round "9"]
[White "DenLaz"]
[Black "Hikaru"]
[Result "1/2-1/2"]
[WhiteElo "3113"]
[BlackElo "3281"]
[TimeControl "180+1"]
[EndTime "9:46:10 PDT"]
[Termination "Game drawn - insufficient material"]

1. d4 Nf6 2. c4 e6 3. Nf3 d5 4. g3 Bb4+ 5. Bd2 Be7 6. Bg2 O-O 7. O-O c6 8. Qc2 b6 9. Nc3 Ba6 10. cxd5 cxd5 11. Ne5 Bb7 12. Qa4 Nfd7 13. Nd3 a6 14. Rfc1 Nc6 15. e3 Rc8 16. Ne2 Bd6 17. Qb3 Rc7 18. Nc3 Na5 19. Qd1 Nc4 20. Be1 Be7 21. b3 Nd6 22. Na4 a5 23. Rxc7 Qxc7 24. Rc1 Qb8 25.
b4 axb4 26. Bxb4 Nf5 27. Bxe7 Nxe7 28. Nb4 Rc8 29. Bf1 Qd6 30. Rxc8+ Nxc8 31. a3 Qc7 32. Bb5 Nf6 33. Qc2 Qxc2 34. Nxc2 Kf8 35. Bd3 Ke7 36.
f3 Bc6 37. Nc3 Nd6 38. Nb4 Bd7 39. Kf2 h5 40. h3 Nfe8 41. e4 dxe4 42. fxe4 Nc7 43.
e5 Nb7 44. h4 f6 45. Ke3 Be8 46. Be2 Na5 47. Bd3 Nb7 48. Ne2 g5 49. exf6+ Kxf6 50. Nc3 Nd6 51. Ne4+ Nxe4 52. Bxe4 Nb5 53. Nc2 Nd6 54.
Bd3 Bg6 55. Bxg6 Kxg6 56. hxg5 Kxg5 57. Kf3 Nf5 58. a4 Ne7 59. Ne3 Nf5 60. Nc2 Kg6 61.
Kf4 Kf6 62. g4 hxg4 63. Kxg4 Ne7 64. Kf4 Nd5+ 65. Kf3 Nc3 66. Ne3 Nxa4 67. d5 e5 68.
Ng4+ Kf5 69. Ne3+ Kf6 70. Ng4+ Ke7 71. Nxe5 Kd6 72. Nc4+ Kxd5 73. Nxb6+ 1/2-1/2

[Event "Early-Titled-Tuesday-Blitz-March-19-2024"]
[Site "Chess.com"]
[Date "2024.03.19"]
[Round "9"]
[White "Arystanner"]
[Black "FormerProdigy"]
[Result "0-1"]
[WhiteElo "2847"]
[BlackElo "2960"]
[TimeControl "180+1"]
[EndTime "9:46:15 PDT"]
[Termination "FormerProdigy won by resignation"]

1. d4 Nf6 2. c4 e6 3. Nc3 Bb4 4. Nf3 b6 5. e3 Bb7 6. Bd3 O-O 7. O-O d5 8. cxd5 exd5 9. Ne5 Bd6 10. f4 c5 11. g4 cxd4 12. exd4 Ne4 13. Qf3 Bb4 14. g5 f6 15. Nxe4 fxe5 16. Ng3 e4 17. Bxe4 dxe4 18. Qb3+ Qd5 19. Qxb4 Nc6 20. Qb3 Qxb3 21. axb3 Nxd4 22. f5 e3 23. Bxe3 Nc2 24. Bd2 Nxa1 25. Rxa1 a5 26. Bc3 Rfd8 27. Nh5 Rac8 28. Re1 Re8 29.
Rxe8+ Rxe8 30. Nxg7 Re2 31. h4 Rg2+ 32. Kf1 Rg4 33. Nh5 Rxh4 34. Nf6+ Kf7 35. Nxh7 Rf4+ 36. Ke2 Rxf5 37. Ke3 Kg6 38. Nf6 Rxg5 39. Nd7 Rb5 40. Bd4 Rxb3+ 41. Kd2 Be4 42. Kc1 b5 43. Nc5 Rb4 44.
Bc3 Rc4 45. Nxe4 Rxe4 46. Bxa5 Re2 47. Bd2 Kf5 48. Kd1 Rg2 49. Kc2 Ke4 50. Kc3 b4+ 51. Kc2 Kd4 52. b3 Ke4 53. Kc1 Rxd2 54. Kxd2 Kd4 55. Kc2 Ke3 56. Kc1 Kd3 57. Kb2 Kd2 58.
Kb1 Kc3 59. Ka2 Kc2 60. Ka1 Kxb3 61. Kb1 Ka3 62. Ka1 b3 63. Kb1 b2 64. Kc2 Ka2 0-1

[Event "Early-Titled-Tuesday-Blitz-March-19-2024"]
[Site "Chess.com"]
[Date "2024.03.19"]
[Round "9"]
[White "kleber2007"]
[Black "Mikasinski"]
[Result "1-0"]
[WhiteElo "2489"]
[BlackElo "2629"]
[TimeControl "180+1"]
[EndTime "9:46:15 PDT"]
[Termination "kleber2007 won by checkmate"]

1. d4 Nf6 2. c4 e6 3. Nf3 b6 4. g3 Bb7 5. Bg2 Bb4+ 6. Bd2 Be7 7. O-O O-O 8. Nc3 d5 9. cxd5 exd5 10. Ne5 c5 11. Bg5 cxd4 12. Qxd4 Nc6 13. Nxc6 Bxc6 14.
Rfd1 Rc8 15. Qf4 Qc7 16. Qxc7 Rxc7 17. Rd2 h6 18. Bxf6 Bxf6 19. Nxd5 Bxd5 20. Bxd5 Rfc8 21. Rad1 Rc2 22. Bb3 Rxd2 23. Rxd2 Rc7 24. f4 Kf8 25. e4 Be7 26. Kg2 Bb4 27. Re2 Rc1 28. e5 Bc5 29.
Kf3 a5 30. Rd2 Ke7 31. Ba4 Rf1+ 32. Ke4 g5 33. Rd7+ Kf8 34. Bb3 Be7 35. f5 Re1+ 36.
Kd5 Re2 37. Rb7 f6 38. exf6 Bxf6 39. Kc6 Bd4 40. h4 g4 41. Rf7+ Ke8 42. Be6 Rxb2 43. Rh7 Rc2+ 44. Kd5 Bf2 45. f6 Rd2+ 46. Ke4 Rd4+ 47.
Kf5 Kd8 48. Rh8+ Kc7 49. f7 Bxg3 50. f8=Q Rf4+ 51. Kg6 Rxf8 52. Rxf8 Bd6 53. Rf7+ Kc6 54. Bxg4 b5 55. Kxh6 b4 56. Bd1 Kc5 57. Kg6 Kc4 58. h5 Kc3 59. h6 Be5 60. Bb3 Kb2 61. Rf2+ Ka3 62. Re2 Bc3 63. h7 a4 64. Bf7 Bb2 65. Re3+ Bc3 66. h8=Q Kb2 67. Rxc3 bxc3 68. Qd4 Ka3 69.
Qxc3# 1-0

[Event "Early-Titled-Tuesday-Blitz-March-19-2024"]
[Site "Chess.com"]
[Date "2024.03.19"]
[Round "9"]
[White "Zq1"]
[Black "Alexchess1984"]
[Result "1-0"]
[WhiteElo "2620"]
[BlackElo "2751"]
[TimeControl "180+1"]
[EndTime "9:46:17 PDT"]
[Termination "Zq1 won on time"]

1. d4 Nf6 2. c4 c5 3. Nf3 cxd4 4. Nxd4 g6 5. Nc3 Bg7 6. e4 O-O 7. Be2 d6 8. Be3 Bd7 9. O-O Nc6 10. Qd2 Nxd4 11. Bxd4 Bc6 12. f3 a5 13. b3 Nd7 14.
Bf2 Nc5 15. Rac1 Qb6 16. Rb1 Qb4 17. Rfc1 a4 18. Qc2 axb3 19. axb3 Ra3 20. Na2 Qa5 21. b4 Qa8 22. bxc5 Rxa2 23. Qd1 dxc5 24. Bxc5 Rd8 25. Qe1 Rdd2 26. Bf1 Qd8 27. Be3 Bd4 28. Kh1 Bxe3 29. Qxe3 e5 30. c5 Qd4 31.
Qxd4 exd4 32. Bc4 Rab2 33. Rxb2 Rxb2 34. h4 Rd2 35. Kh2 Ba4 36. Rb1 Rc2 37. Rb4 Bc6 38.
Bd3 Rxc5 39. Rxd4 b5 40. Rd8+ Kg7 41. Rc8 b4 42. Rb8 Rc3 43. Bb1 b3 44. Kg3 Ba4 45. Rb4 Rc1 46. Rxa4 Rxb1 47. Rb4 b2 48. Rb6 h5 49. Kf4 Kf8 50. Ke5 Ke7 51. Rb7+ Ke8 52.
Kf6 Kd8 53. Kxf7 Kc8 54. Rb3 Kc7 55. Kxg6 Kc6 56. Kxh5 Kc5 57. Rb8 Kc4 58. Kg6 Kc3 59. g4 Rf1 60. h5 Rxf3 61. h6 Rf8 62. Rxb2 Kxb2 63. g5 Re8 64. h7 Kc3 65. Kg7 Re7+ 66. Kh6 Re8 67. g6 Rxe4 68. h8=Q+ 1-0

[Event "Early-Titled-Tuesday-Blitz-March-19-2024"]
[Site "Chess.com"]
[Date "2024.03.19"]
[Round "9"]
[White "MaxLeto"]
[Black "Korchmar_Vasiliy"]
[Result "0-1"]
[WhiteElo "2499"]
[BlackElo "2688"]
[TimeControl "180+1"]
[EndTime "9:46:19 PDT"]
[Termination "Korchmar_Vasiliy won by resignation"]

1. g4 g5 2. h4 gxh4 3. d4 Bg7 4. Bg2 c5 5. dxc5 Na6 6. Nf3 Nxc5 7. Nxh4 d6 8. Nf5 Bxf5 9. gxf5 Nf6 10. Nc3 Qd7 11. e4 h5 12. Bf4 Ng4 13. Qe2 Rc8 14. Rh3 a6 15. O-O-O Na4 16. Nxa4 Qxa4 17. Kb1 Ne5 18. Ra3 Qd7 19. Rb3 b5 20. Bc1 Qc7 21. f4 Nc4 22. Rh1 h4 23. Rg1 Bf6 24. Bh3 Qc5 25.
Rg4 a5 26. Qg2 a4 27. Rd3 Qb4 28. a3 Qc5 29. Rg8+ Rxg8 30. Qxg8+ Kd7 31. Qxf7 Nxa3+ 32. Rxa3 Qxc2+ 33. Ka2 Qc4+ 34. Qxc4 Rxc4 35. Be3 Rxe4 36. Bg2 Rc4 37. Bd5 Rc2 38. Be6+ Kc7 39. Kb1 Rxb2+ 40.
Kc1 h3 41. Bd2 h2 42. Rh3 a3 43. Rxh2 a2 44. Bxa2 Rxa2 45. Rh3 Kc6 46. Rb3 Ra4 47.
Kd1 Rc4 48. Ke2 Rc5 49. Re3 Rxf5 50. Kd3 Rxf4 51. Rxe7 Rd4+ 52. Ke3 Rxd2 53. Re6 Bg5+ 54. Ke4 Rd5 55. Re8 Re5+ 56. Kd4 Rxe8 57. Kd3 Kd5 58. Kc3 Re4 59. Kb3 Kc5 60. Kb2 Re3 61. Kc2 Kc4 62.
Kb1 Kc3 63. Ka2 Re4 64. Kb1 Bf6 65. Ka1 Ra4+ 66. Kb1 Bd8 0-1

[Event "Early-Titled-Tuesday-Blitz-March-19-2024"]
[Site "Chess.com"]
[Date "2024.03.19"]
[Round "9"]
[White "maciek_92"]
[Black "Grischuk"]
[Result "1-0"]
[WhiteElo "2906"]
[BlackElo "3076"]
[TimeControl "180+1"]
[EndTime "9:46:21 PDT"]
[Termination "maciek_92 won by resignation"]

1. c4 Nf6 2. Nc3 e5 3. g3 Bb4 4. Bg2 O-O 5. e4 Bxc3 6. bxc3 Re8 7. Ne2 c6 8. d4 d6 9. O-O exd4 10. Qxd4 c5 11.
Qd3 Nc6 12. Nf4 Ne5 13. Qe2 b6 14. Nd5 Ba6 15. Ne3 Qd7 16. Rd1 Rad8 17. a4 Qe6 18. a5 Bxc4 19. Nxc4 Qxc4 20. Qxc4 Nxc4 21. axb6 axb6 22. Bg5 h6 23. Bxf6 gxf6 24. Ra7 Kf8 25. Rb1 Re7 26. Rxe7 Kxe7 27. Bf1 Nd2 28. Rxb6 Nxe4 29.
c4 f5 30. Bd3 Ke6 31. f3 Nf6 32. Rb2 d5 33. Re2+ Kd6 34. cxd5 f4 35. Bc4 Rb8 36. Ra2 Rb4 37. Ra6+ Ke5 38. gxf4+ Kd4 39. Rxf6 Kxc4 40.
d6 Rb1+ 41. Kf2 Rd1 42. Ke2 Rd4 43. Rxh6 Kc3 44. Rf6 c4 45. h4 Kb2 46. Rxf7 Rxd6 47.
Rb7+ Kc2 48. Ke3 c3 49. f5 Rh6 50. f4 Rxh4 51. f6 Rh8 52. Ke4 Kd2 53. Rd7+ Ke2 54.
Rc7 Kd2 55. f5 c2 56. Ke5 Re8+ 57. Kd6 Rd8+ 58. Ke7 Rd5 59. Rxc2+ Kxc2 60. Ke6 Ra5 61. f7 Ra8 62. Ke7 Ra7+ 63. Kf6 Ra8 64. Kg7 Ra7 65. Kg8 1-0

[Event "Early-Titled-Tuesday-Blitz-March-19-2024"]
[Site "Chess.com"]
[Date "2024.03.19"]
[Round "9"]
[White "Aradhya2000"]
[Black "PeshkaCh"]
[Result "1/2-1/2"]
[WhiteElo "2736"]
[BlackElo "2847"]
[TimeControl "180+1"]
[EndTime "9:46:23 PDT"]
[Termination "Game drawn by repetition"]

1. d4 Nf6 2. c4 e6 3. Nf3 d5 4. Nc3 Be7 5. Bf4 O-O 6. e3 b6 7. Bd3 Bb7 8. O-O c5 9. cxd5 cxd4 10. Nxd4 Nxd5 11. Qf3 Nd7 12. Nxd5 Bxd5 13. Be4 Bxe4 14.
Qxe4 Nc5 15. Qf3 Bf6 16. Rfd1 Bxd4 17. exd4 Nd7 18. d5 exd5 19. Rxd5 Qe8 20. Bd6 Nf6 21.
Rdd1 Qb5 22. Bxf8 Rxf8 23. b3 h6 24. Rac1 Qa5 25. a4 Re8 26. g3 Qb4 27. Qc3 Qf8 28. Qc7 Qb4 29. Qc4 Qa3 30. Re1 Rd8 31. Rcd1 Rf8 32. Kg2 h5 33. h3 Rb8 34. Re3 Rf8 35.
Rf3 Qe7 36. Rdd3 Qb7 37. Rc3 Re8 38. Qc6 Qb8 39. Rxf6 gxf6 40. Qxf6 Qb7+ 41. Rf3 Qd5 42. Qf5 Re5 43. Qc8+ Kg7 44. Qc3 Kg8 45. Qd3 Qc6 46. Qd8+ Kg7 47. Qd4 f6 48. Qc3 Qb7 49. Kh2 Qe7 50. Re3 Rxe3 51. Qxe3 Qb4 52. Qf3 Qc5 53. Kg2 a5 54. Qe4 Kf7 55. Qh7+ Kf8 56. Qe4 Kg7 57. g4 hxg4 58. hxg4 Qd6 59. Qc4 Qe5 60. f4 Qb2+ 61. Kg3 Qd2 62. Qc7+ Kh6 63. Qc4 Qe3+ 64. Kg2 Qd2+ 65. Kg3 Qe3+ 66. Kg2 Qd2+ 67.
Kf3 Qd1+ 68. Kg3 Qe1+ 69. Kg2 Qd2+ 1/2-1/2

[Event "Early-Titled-Tuesday-Blitz-March-19-2024"]
[Site "Chess.com"]
[Date "2024.03.19"]
[Round "9"]
[White "Fjal"]
[Black "lluiss"]
[Result "0-1"]
[WhiteElo "2307"]
[BlackElo "2236"]
[TimeControl "180+1"]
[EndTime "9:46:24 PDT"]
[Termination "lluiss won by resignation"]

1. Nf3 Nf6 2. g3 g6 3. Bg2 Bg7 4. O-O O-O 5. d3 d5 6. Nbd2 c5 7. e4 Nc6 8. Qe2 h6 9. e5 Ng4 10. Nb3 Ngxe5 11. Nxc5 Bg4 12. Nb3 Nb4 13. Bf4 Nxf3+ 14.
Bxf3 Bxf3 15. Qxf3 Nxc2 16. Rac1 Nb4 17. a3 Nc6 18.
Nc5 Nd4 19. Qe3 b6 20. Na6 Rc8 21. Nb4 Rxc1 22. Rxc1 e5 23. Nc6 Nxc6 24. Rxc6 exf4 25. Qxf4 Bxb2 26. Qxh6 Bg7 27. Qf4 Qd7 28. Rc7 Qb5 29.
Rxa7 Qxd3 30. h4 Qe4 31. Qc7 Qe1+ 32. Kg2 Bd4 33. Qf4 Qe4+ 34. Qxe4 dxe4 35. Ra4 Rd8 36. h5 gxh5 37. Kh3 Kg7 38. Kh4 Kg6 39. Rc4 Bxf2 40.
Rxe4 Bc5 41. a4 Rd4 42. Rxd4 Bxd4 43. g4 hxg4 44. Kxg4 Bc5 45. Kf4 f5 46. Ke5 Kg5 47.
Kd5 f4 48. a5 Kg4 49. a6 f3 50.
a7 f2 51. a8=Q f1=Q 52. Qg8+ Kh3 53. Qh7+ Kg2 54. Qg6+ Kf2 55. Qf5+ Ke1 56. Qb1+ Kf2 57. Qf5+ Kg1 58. Qh5 Qg2+ 59. Kc4 Qf1+ 60. Kd5 Qd3+ 61. Kc6 Qf1 62. Qg5+ Qg2+ 63. Qxg2+ Kxg2 64. Kb5 Kf2 65. Kc4 Kg3 66. Kb3 Kh4 67. Kc4 Kh5 68. Kb5 Kg6 69.
Kc4 Kg7 70. Kb5 Kf8 71. Kc6 Kf7 72. Kd5 Kf6 73. Kc6 Ke7 74. Kb5 Kd7 75. Kc4 Kc6 76.
Kb3 b5 0-1

[Event "Early-Titled-Tuesday-Blitz-March-19-2024"]
[Site "Chess.com"]
[Date "2024.03.19"]
[Round "9"]
[White "madmax011"]
[Black "Willhaven3"]
[Result "0-1"]
[WhiteElo "2329"]
[BlackElo "2524"]
[TimeControl "180+1"]
[EndTime "9:46:26 PDT"]
[Termination "Willhaven3 won by checkmate"]

1. d4 f5 2. Bf4 Nf6 3. e3 e6 4.
Nc3 Be7 5. Nf3 O-O 6. Bd3 d6 7.
O-O Nc6 8. h3 Qe8 9. Bh2 Bd8 10.
e4 fxe4 11. Nxe4 e5 12. dxe5 dxe5 13. Qe2 Nd5 14. Bc4 Be6 15. Neg5 Bxg5 16. Nxg5 Rd8 17. Nxe6 Qxe6 18. Rad1 Kh8 19. Rfe1 Rfe8 20. Bg3 Rd7 21. Qe4 Red8 22. Bxe5 Nxe5 23. Qxe5 Qxe5 24. Rxe5 c6 25. Rde1 h6 26. Re8+ Rxe8 27. Rxe8+ Kh7 28. Bd3+ g6 29. g3 Kg7 30. Re6 Nf6 31. Kf1 Kf7 32.
Re3 Nd5 33. Rf3+ Kg7 34. Ke2 Nb4 35. a3 Nd5 36. Kd2 Nf6 37. Re3 Nd5 38. Re2 c5 39.
Kc1 a6 40. Bc4 Nf6 41. c3 b5 42. Be6 Rd6 43. Bb3 c4 44. Bc2 Nd5 45. Be4 Nc7 46. Bg2 Ne6 47. Rd2 Rb6 48. Rd7+ Kf6 49. f4 Nc5 50. Rd8 Nd3+ 51. Kb1 Re6 52. Ka2 Re2 53. Bf3 Rxb2+ 54. Ka1 Rf2 55. Rd6+ Ke7 56. Rxa6 Rxf3 57. Rxg6 Nc5 58. Kb2 Na4+ 59. Kb1 Nxc3+ 60. Kc2 Na4 61. Rxh6 Rf2+ 62. Kd1 c3 63. Rc6 Nb2+ 64. Ke1 Nd3+ 65. Kd1 Rd2# 0-1